 Dungeon Crawl Stone Soup version bcrawl-1.22 (webtiles) character file.

Game seed: 15397766808334156603

47174 pasperui the Nimble (level 14, -3/124 HPs)
             Began as a Gnoll Reaver on May 13, 2020.
             Was a High Priest of Vehumet.
             Slain by a wolf spider zombie (10 damage)
             ... on level 12 of the Dungeon.
             The game lasted 01:57:40 (17855 turns).

pasperui the Nimble (Gnoll Reaver)                 Turns: 17855, Time: 01:57:41

Health: -3/124     AC: 12    Str: 19    XL:     14   Next: 40%
Magic:  23/37      EV: 19    Int: 18    God:    Vehumet [*****.]
Gold:   2080       SH:  3    Dex: 14    Spells: 1/33 levels left

rFire    . . .     SeeInvis .   B - +1 great sword (vamp)
rCold    + . .     Gourm    .   (shield currently unavailable)
rNeg     . . .     Faith    .   b - +0 steam dragon scales
rPois    .         Spirit   .   (helmet restricted)
rElec    .         Reflect  .   K - +1 cloak {+Inv}
rCorr    .         Harm     .   N - +0 pair of gloves
MR       +....                  T - +0 pair of boots
Stlth    ++++......             M - amulet of rage
HPRegen  0.30/turn              p - +2 ring of strength
MPRegen  0.25/turn              y - ring of magical power

@: no status effects
A: distributed training, antennae 1, fangs 1, cold resistance 1, robust 1,
subdued magic 1, strong nose
a: Renounce Religion, Evoke Berserk Rage, Evoke Invisibility


You were on level 12 of the Dungeon.
You worshipped Vehumet.
Vehumet was extremely pleased with you.
You were very hungry.

You visited 2 branches of the dungeon, and saw 17 of its levels.
You also visited: Ossuary.

You collected 2080 gold pieces.

Inventory:

Hand Weapons
 B - a +1 vampiric great sword (weapon)
 W - a +2 halberd of chopping
Missiles
 n - 277 stones
 u - 40 exploding tomahawks
 x - 377 tomahawks (quivered)
 A - 150 javelins
Armour
 b - +0 steam dragon scales (worn)
 K - a +1 cloak of invisibility (worn)
 N - a +0 pair of gloves (worn)
 T - a +0 pair of boots (worn)
Magical Staves
 t - an uncursed staff of wizardry
Jewellery
 d - an uncursed amulet of regeneration
 k - an uncursed ring of protection from fire
 p - a +2 ring of strength (left hand)
 y - a ring of magical power (right hand)
 M - an amulet of rage (around neck)
 X - the amulet of Light {RegenMP MR+ Int-3 Dex+3 Slay+5}
   (You acquired it on level 10 of the Dungeon)

   [amulet of magic regeneration]

   It increases your magic regeneration.
   It affects your intelligence (-3).
   It affects your dexterity (+3).
   It affects your accuracy and damage with ranged weapons and melee attacks
   (+5).
   It affects your resistance to hostile enchantments.
Wands
 D - a wand of flame (42)
 I - a wand of random effects (8)
 L - a wand of iceblast (39)
 R - a wand of digging (2)
 S - a wand of enslavement (16)
 V - a wand of paralysis (6)
 Z - a wand of acid (4)
Scrolls
 a - a scroll of blinking
 h - a scroll of enchant armour
 i - 4 scrolls of enchant weapon
 m - 2 scrolls of identify
 q - 3 scrolls of remove curse
 r - 5 scrolls of fear
 s - 5 scrolls of fog
 v - 2 scrolls of amnesia
 w - 7 scrolls of teleportation
 Q - 3 scrolls of magic mapping
 Y - a scroll of vulnerability {unknown}
Potions
 c - 5 potions of haste
 f - 6 potions of might
 j - a potion of magic {unknown}
 l - 7 potions of agility
 o - 4 potions of invisibility
 z - 2 potions of berserk rage
 E - 3 potions of brilliance
 F - 4 potions of curing
 G - 6 potions of flight
 H - 3 potions of resistance
 J - a potion of ambrosia {unknown}
 O - 4 potions of cancellation
 P - 3 potions of heal wounds
 U - 2 potions of mutation
Miscellaneous
 C - a fan of gales
Comestibles
 e - 25 rations {!d}


   Skills:
 + Level 11.0 Fighting
 + Level 9.0 Short Blades
 + Level 11.0 Long Blades
 + Level 9.0 Axes
 + Level 9.0 Maces & Flails
 + Level 9.0 Polearms
 + Level 9.0 Staves
 + Level 9.0 Slings
 + Level 9.0 Bows
 + Level 9.0 Crossbows
 + Level 9.0 Throwing
 + Level 9.0 Armour
 + Level 11.0 Dodging
 + Level 9.0 Stealth
 + Level 9.0 Shields
 + Level 9.0 Unarmed Combat
 + Level 10.3 Spellcasting
 + Level 7.5 Conjurations
 + Level 7.5 Hexes
 + Level 7.5 Charms
 + Level 7.5 Summonings
 + Level 7.5 Necromancy
 + Level 7.5 Translocations
 + Level 7.5 Transmutations
 + Level 7.5 Fire Magic
 + Level 7.5 Ice Magic
 + Level 7.5 Air Magic
 + Level 7.5 Earth Magic
 + Level 7.5 Poison Magic
 + Level 9.8 Invocations
 + Level 9.0 Evocations


You had one spell level left.
You knew the following spells:

 Your Spells              Type           Power        Failure   Level  Hunger
a - Sandblast             Erth           ####..       1%          1    None
b - Swiftness             Chrm/Air       ####....     1%          2    None
c - Poison Arrow          Conj/Pois      ####......   13%         6    ######.
d - Summon Mana Viper     Hex/Summ       ####....     8%          5    #####..
e - Regeneration          Chrm/Necr      ####......   1%          3    None
f - Lee's Rapid Deconstr  Erth           ####......   2%          5    #####..
g - Fireball              Conj/Fire      ####......   2%          5    #####..
h - Iskenderun's Battles  Conj/Chrm      ####....     2%          5    #####..

Your spell library contained the following spells:

 Spells                   Type           Power        Failure   Level  Hunger
 Bolt of Magma            Conj/Fire/Erth ####......   2%          5    #####..
 Beastly Appendage        Tmut           ####..       1%          1    None
 Corona                   Hex            ####...      1%          1    None
 Flame Tongue             Conj/Fire      ####.        1%          1    None
 Infusion                 Chrm           ####....     1%          1    None
 Shock                    Conj/Air       ####.        1%          1    None
 Summon Butterflies       Summ           ####....     1%          1    None
 Call Imp                 Summ           ####..       1%          2    None
 Flaming Arrows           Chrm/Fire      ####....     1%          2    None
 Sticks to Snakes         Tmut           ####....     1%          2    None
 Call Canine Familiar     Summ           ####....     1%          3    None
 Confuse                  Hex            ####....     1%          3    None
 Conjure Flame            Conj/Fire      ####....     1%          3    None
 Dazzling Spray           Conj/Hex       ####..       1%          3    None
 Inner Flame              Hex/Fire       N/A          1%          3    None
 Recall                   Summ/Tloc      N/A          1%          3    None
 Spectral Weapon          Hex/Chrm       ####....     1%          3    None
 Spider Form              Tmut/Pois      ###          1%          3    None
 Static Discharge         Air            ####....     1%          3    None
 Airstrike                Air            ####......   1%          4    ###....
 Sticky Flame             Conj/Fire      ####....     1%          4    ###....
 Yara's Violent Unravell  Hex/Tmut       ####......   1%          4    ###....
 Ice Form                 Ice/Tmut       ####....     2%          4    ###....
 Petrify                  Tmut/Erth      ####....     2%          4    ###....
 Lightning Bolt           Conj/Air       ####......   2%          5    #####..
 Aura of Abjuration       Summ           ####......   8%          5    #####..
 Blade Hands              Tmut           ####......   8%          5    #####..
 Metabolic Englaciation   Hex/Ice        ####......   8%          5    #####..
 Piercing Shot            Chrm           ####......   8%          5    #####..
 Silence                  Hex/Air        ####......   8%          5    #####..
 Summon Demon             Summ           ####......   8%          5    #####..
 Summon Forest            Summ/Tloc      ####......   8%          5    #####..
 Deflect Missiles         Chrm/Air       ####......   43%         6    ######.
 Freezing Cloud           Ice/Air        ####......   43%         6    ######.
 Infestation              Hex/Tmut/Pois  ####.....    43%         6    ######.
 Shadow Creatures         Summ           N/A          43%         6    ######.
 Mana Rupture             Conj/Hex       ####......   54%         7    #######
 Discord                  Hex            ####......   100%        8    #######


Dungeon Overview and Level Annotations

Branches:
Dungeon (12/12)            Temple (0/1) D:6            Lair (5/6) D:7
 Shoals (0/3) Lair:3        Snake (0/3) Lair:4        Slime (0/5) Lair:5
 Vaults (0/3) D:11         Depths (0/5) D:12
    Orc: D:8-11

Altars:
Ashenzari
Cheibriados
Elyvilon
Fedhas
Gozag
Kikubaaqudgha
Lugonu
Makhleb
Okawaru
Qazlal
Trog
Uskayaw
Vehumet
Wu Jian
Zin
Jiyva

Shops:
D:6 :   D:7 ?   D:8 ?%:

Annotations:
D:6 2 runed translucent doors, dscm's ghost, novice KoFi
Lair:1 exclusion: oklob plant
Lair:4 exclusion: oklob plant


Innate Abilities, Weirdness & Mutations

Your experience applies equally to all skills.
You have very sharp teeth.
Your uncanny sense of smell can sniff out nearby items.
You have a pair of small antennae on your head.
Your flesh is cold resistant. (rC+)
You are robust. (+10% HP)
Your spells are a little easier to cast, but a little less powerful.


Message History

The wolf spider zombie hits you!
* * * LOW HITPOINT WARNING * * *
The wolf spider zombie barely misses you. x2
The wolf spider zombie bites you but does no damage.
You hit the cyclops but do no damage.
The cyclops is almost dead.
The wolf spider zombie closely misses you.
The wolf spider zombie misses you. The cyclops hits you!
* * * LOW HITPOINT WARNING * * *
Unknown command.
Casting: Poison Arrow (quite dangerous; 13% risk of failure)
Confirm with . or Enter, or press ? or * to list all spells.
Aiming: Poison Arrow (quite dangerous; 13% risk of failure)
Press: ? - help, Shift-Dir - straight line, f/p - cyclops
Aim: a cyclops, quivering 79 large rocks (almost dead, poisoned)
The poison arrow hits the cyclops!
The cyclops looks more poisoned.
You kill the cyclops!
Vehumet accepts your kill.
You feel your power returning. The wolf spider zombie hits you!
You die...

#...#...# #...#...§≈
#...#...# #...+.....
#...#...#... #...#.....
#...#####...
###############
####...#...... ........
.......#..... ........ ∆
...#####...#######.......
...#.......#.....#.....
...#.......#....@#...#
...#.......#...Z(#$..#
#'##...#...#..$..'...# .#
...#...#...#.....#...# ..#
...'...#...#.....#...#...#
..<#...#...###'####'##...#
...#####...#... #.......#
.... #...#... #...#...#
####. #...#...{ #.........


You could see a wolf spider zombie.

Vanquished Creatures
  Snorg (D:11)
  A fire dragon (D:12)
  An ogre mage (D:11)
  2 hydras
  3 centaur warriors
  2 catoblepae (Lair:4)
  7 two-headed ogres
  Nergalle (D:9)
  An unseen horror (D:11)
  3 cyclopes
  A wolf spider zombie (D:9)
  An orc knight (D:10)
  A deep elf mage (D:10)
  4 ugly things
  A manticore (D:11)
  4 black mambas
  7 cane toads
  A gargoyle (D:8)
  A rime drake (Lair:5)
  A kobold demonologist (D:10)
  5 komodo dragons
  3 meliai (D:12)
  2 queen bees
  A harpy zombie (D:12)
  A hornet (Lair:4)
  4 trolls
  A polar bear (Lair:5)
  A snapping turtle (Lair:3)
  18 dream sheep
  5 slime creatures (D:12)
  14 blink frogs
  6 hippogriffs
  A wraith (D:12)
  13 yaks
  2 basilisks
  Menkaure (D:5)
  Edmund (D:5)
  A soldier ant (D:9)
  A warg (D:10)
  5 crocodiles
  Duvessa (D:5)
  3 water moccasins
  9 porcupines
  2 ice beasts
  5 sky beasts
  3 black bears
  9 orc warriors
  A phantom (D:5)
  An eye of draining (D:10)
  6 ogres
  5 wolves (Lair:4)
  6 centaurs
  8 big kobolds
  13 bullfrogs
  A water moccasin zombie (D:7)
  Dowan (D:5)
  8 scorpions
  33 killer bees
  4 electric eels
  2 howler monkeys
  2 centaur zombies
  11 crimson imps
  13 orc wizards
  11 orc priests
  7 hounds
  2 jellies (D:9)
  2 bullfrog skeletons
  Crazy Yiuf (D:5)
  Jessica (D:2)
  4 iguanas
  9 worker ants
  2 hound zombies
  9 mummies
  Robin (D:2)
  5 gnolls (D:7)
  12 adders
  3 shadow imps
  2 white imps (D:11)
  3 adder zombies
  2 adder skeletons
  4 worms
  4 dart slugs
  8 leopard geckos
  49 orcs
  8 bats
  4 giant cockroaches
  A gnoll zombie (Ossuary)
  15 goblins
  7 hobgoblins
  7 jackals
  A quokka (D:7)
  4 frilled lizards
  A goblin zombie (D:7)
  2 hobgoblin zombies (Ossuary)
  51 kobolds
  2 kobold zombies
  4 orc zombies (Ossuary)
  A quokka zombie (D:3)
  A rat (D:2)
527 creatures vanquished.

Vanquished Creatures (collateral kills)
  2 cane toads
2 creatures vanquished.

Vanquished Creatures (others)
  33 fungi
  23 plants
56 creatures vanquished.

Grand Total: 585 creatures vanquished

Notes
Turn   | Place    | Note
-------+----------+-------------------------------------------
     0 | D:1      | pasperui the Gnoll Reaver began the quest for the Orb.
     0 | D:1      | Reached XP level 1. HP: 23/23 MP: 6/6
   191 | D:1      | Reached XP level 2. HP: 29/29 MP: 7/7
  1041 | D:2      | Found a snail-covered altar of Cheibriados.
  1050 | D:2      | Reached XP level 3. HP: 23/35 MP: 9/9
  1057 | D:2      | Reached skill level 5 in Spellcasting
  1183 | D:2      | Reached * piety under Vehumet
  1183 | D:2      | Offered knowledge of Sandblast by Vehumet.
  1188 | D:2      | Learned a level 1 spell: Sandblast
  1588 | D:2      | Reached skill level 1 in Invocations
  1687 | D:2      | Noticed Jessica
  1688 | D:2      | Noticed Robin
  1739 | D:2      | Reached skill level 1 in Short Blades
  1739 | D:2      | Reached skill level 1 in Axes
  1739 | D:2      | Reached skill level 1 in Maces & Flails
  1739 | D:2      | Reached skill level 1 in Polearms
  1739 | D:2      | Reached skill level 1 in Staves
  1739 | D:2      | Reached skill level 1 in Slings
  1739 | D:2      | Reached skill level 1 in Bows
  1739 | D:2      | Reached skill level 1 in Crossbows
  1739 | D:2      | Reached skill level 1 in Throwing
  1739 | D:2      | Reached skill level 1 in Armour
  1739 | D:2      | Reached skill level 1 in Stealth
  1739 | D:2      | Reached skill level 1 in Shields
  1739 | D:2      | Reached skill level 1 in Unarmed Combat
  1739 | D:2      | Reached skill level 1 in Evocations
  1968 | D:2      | Killed Robin
  1968 | D:2      | Reached XP level 4. HP: 35/41 MP: 11/11
  2144 | D:2      | Killed Jessica
  2144 | D:2      | Reached skill level 1 in Conjurations
  2144 | D:2      | Reached skill level 1 in Hexes
  2144 | D:2      | Reached skill level 1 in Charms
  2144 | D:2      | Reached skill level 1 in Summonings
  2144 | D:2      | Reached skill level 1 in Necromancy
  2144 | D:2      | Reached skill level 1 in Translocations
  2144 | D:2      | Reached skill level 1 in Transmutations
  2144 | D:2      | Reached skill level 1 in Fire Magic
  2144 | D:2      | Reached skill level 1 in Ice Magic
  2144 | D:2      | Reached skill level 1 in Air Magic
  2144 | D:2      | Reached skill level 1 in Earth Magic
  2144 | D:2      | Reached skill level 1 in Poison Magic
  2327 | D:3      | Reached ** piety under Vehumet
  2327 | D:3      | Offered knowledge of Searing Ray by Vehumet.
  2329 | D:3      | Reached XP level 5. HP: 47/47 MP: 12/12
  2422 | D:3      | Found an iron altar of Okawaru.
  2584 | D:3      | Found a white marble altar of Elyvilon.
  2929 | D:4      | Noticed an ogre
  2945 | D:4      | Killed an ogre
  2945 | D:4      | Reached XP level 6. HP: 26/53 MP: 14/14
  2959 | D:4      | Found a stormy altar of Qazlal.
  3037 | D:3      | HP: 2/53 [orc/+0 short sword (5)]
  3050 | D:3      | Learned a level 2 spell: Swiftness
  3056 | D:3      | Learned a level 5 spell: Lightning Bolt
  3878 | D:4      | Reached XP level 7. HP: 50/59 MP: 12/15
  4092 | D:4      | Offered knowledge of Dazzling Spray by Vehumet.
  4167 | D:4      | Reached *** piety under Vehumet
  4196 | D:4      | Reached XP level 8. HP: 56/67 MP: 13/16
  4513 | D:4      | Offered knowledge of Conjure Flame by Vehumet.
  4569 | D:4      | Learned a level 3 spell: Conjure Flame
  4880 | D:5      | Entered Level 5 of the Dungeon
  4883 | D:5      | Noticed Dowan
  4886 | D:5      | Noticed Duvessa
  5134 | D:5      | Identified Beyhainu's Incunabulum of Feathers and Boosts
  5195 | D:5      | Killed Dowan
  5257 | D:5      | Killed Duvessa
  5336 | D:5      | Found a runed door.
  5340 | D:5      | Noticed Crazy Yiuf
  5350 | D:5      | Killed Crazy Yiuf
  5661 | D:5      | Noticed Edmund
  5663 | D:5      | Noticed Menkaure
  5670 | D:5      | Killed Edmund
  5670 | D:5      | Reached XP level 9. HP: 38/72 MP: 9/18
  5675 | D:5      | Killed Menkaure
  5675 | D:5      | Reached **** piety under Vehumet
  5745 | D:5      | Learned a level 3 spell: Regeneration
  5750 | D:5      | Learned a level 4 spell: Ice Form
  6122 | D:5      | Offered knowledge of Lee's Rapid Deconstruction by Vehumet.
  6196 | D:6      | Learned a level 5 spell: Lee's Rapid Deconstruction
  6354 | D:6      | Found Icsug's Book Shop.
  6553 | D:6      | Found a large runed translucent door.
  6553 | D:6      | Found a large runed translucent door.
  6595 | D:6      | Noticed dscm's ghost (novice KoFi)
  6715 | D:6      | Found a blossoming altar of Fedhas.
  6718 | D:6      | Found a shattered altar of Ashenzari.
  6722 | D:6      | Found an ornate altar of the Wu Jian Council.
  6722 | D:6      | Found a radiant altar of Vehumet.
  6722 | D:6      | Found a burning altar of Makhleb.
  6726 | D:6      | Found a glowing silver altar of Zin.
  6727 | D:6      | Found a bloodstained altar of Trog.
  6950 | D:6      | Found a staircase to the Ecumenical Temple.
  7233 | D:7      | Noticed a troll
  7244 | D:7      | Killed a troll
  7244 | D:7      | Reached skill level 5 in Invocations
  7326 | D:7      | Reached XP level 10. HP: 80/80 MP: 18/20
  7339 | D:7      | Reached ***** piety under Vehumet
  7350 | D:7      | Found a staircase to the Lair.
  7365 | D:7      | Offered knowledge of Olgreb's Toxic Radiance by Vehumet.
  7386 | D:7      | Reached skill level 5 in Short Blades
  7386 | D:7      | Reached skill level 5 in Axes
  7386 | D:7      | Reached skill level 5 in Maces & Flails
  7386 | D:7      | Reached skill level 5 in Polearms
  7386 | D:7      | Reached skill level 5 in Staves
  7386 | D:7      | Reached skill level 5 in Slings
  7386 | D:7      | Reached skill level 5 in Bows
  7386 | D:7      | Reached skill level 5 in Crossbows
  7386 | D:7      | Reached skill level 5 in Throwing
  7386 | D:7      | Reached skill level 5 in Armour
  7386 | D:7      | Reached skill level 5 in Stealth
  7386 | D:7      | Reached skill level 5 in Shields
  7386 | D:7      | Reached skill level 5 in Unarmed Combat
  7386 | D:7      | Reached skill level 5 in Evocations
  7499 | D:7      | Found an opulent altar of Gozag.
  7521 | D:7      | Found Yrol's Magic Scroll Emporium.
  7551 | D:7      | Found a sand-covered staircase.
  7567 | Ossuary  | Entered an ossuary
  7640 | Ossuary  | Learned a level 4 spell: Olgreb's Toxic Radiance
  8031 | D:7      | Noticed a cyclops
  8149 | D:7      | Killed a cyclops
  8260 | D:7      | Found a hide-covered altar of Uskayaw.
  8570 | D:8      | Found Xosu's Food Shoppe.
  8659 | D:8      | Noticed a two-headed ogre
  8664 | D:8      | Killed a two-headed ogre
  8664 | D:8      | Reached XP level 11. HP: 51/87 MP: 11/22
  9400 | D:8      | Found Senlof's Book Shoppe.
  9611 | D:8      | Reached skill level 5 in Conjurations
  9611 | D:8      | Reached skill level 5 in Hexes
  9611 | D:8      | Reached skill level 5 in Charms
  9611 | D:8      | Reached skill level 5 in Summonings
  9611 | D:8      | Reached skill level 5 in Necromancy
  9611 | D:8      | Reached skill level 5 in Translocations
  9611 | D:8      | Reached skill level 5 in Transmutations
  9611 | D:8      | Reached skill level 5 in Fire Magic
  9611 | D:8      | Reached skill level 5 in Ice Magic
  9611 | D:8      | Reached skill level 5 in Air Magic
  9611 | D:8      | Reached skill level 5 in Earth Magic
  9611 | D:8      | Reached skill level 5 in Poison Magic
  9617 | D:8      | Noticed a two-headed ogre
  9664 | D:8      | Killed a two-headed ogre
  9849 | D:8      | Found Zevve's Magic Scroll Boutique.
 10015 | D:9      | Noticed a two-headed ogre
 10040 | D:9      | Killed a two-headed ogre
 10196 | D:9      | Found an ancient bone altar of Kikubaaqudgha.
 10313 | D:9      | Found a corrupted altar of Lugonu.
 10349 | D:9      | Noticed Nergalle
 10367 | D:9      | Killed Nergalle
 10446 | D:10     | Entered Level 10 of the Dungeon
 10446 | D:10     | Noticed a deep elf mage
 10458 | D:10     | Killed a deep elf mage
 10467 | D:10     | Noticed a two-headed ogre
 10477 | D:10     | Killed a two-headed ogre
 10568 | D:10     | Offered knowledge of Poison Arrow by Vehumet.
 10583 | D:10     | Noticed a cyan ugly thing
 10586 | D:10     | Noticed a cyclops
 10680 | Lair:1   | Entered Level 1 of the Lair of Beasts
 10814 | Lair:1   | Reached XP level 12. HP: 86/96 MP: 21/24
 10954 | Lair:1   | Identified a scroll of acquirement
 11085 | Lair:1   | HP: 4/96 [molten gargoyle/+0 mace (6)]
 11375 | Lair:2   | Identified the Papyrus of Enthralling Companions
 11385 | Lair:2   | Learned a level 6 spell: Poison Arrow
 12073 | Lair:3   | Found a staircase to the Shoals.
 13155 | Lair:4   | Reached skill level 10 in Fighting
 13155 | Lair:4   | Reached skill level 10 in Long Blades
 13155 | Lair:4   | Reached skill level 10 in Dodging
 13257 | Lair:4   | Learned a level 5 spell: Iskenderun's Battlesphere
 13308 | Lair:4   | Found a staircase to the Snake Pit.
 13335 | Lair:4   | Noticed a catoblepas
 13341 | Lair:4   | Killed a catoblepas
 13395 | Lair:4   | Reached XP level 13. HP: 99/103 MP: 19/26
 13950 | Lair:5   | Found a staircase to the Slime Pits.
 13951 | Lair:5   | Found a viscous altar of Jiyva.
 14051 | Lair:5   | Offered knowledge of Bolt of Cold by Vehumet.
 14325 | Lair:5   | Learned a level 5 spell: Summon Mana Viper
 14909 | D:9      | Found a blossoming altar of Fedhas.
 15670 | D:10     | Identified the +2 triple crossbow of the Slime-mould
                  | {freeze, rN+ MP+9 Stlth+} (You acquired it on level 10 of
                  | the Dungeon)
 15670 | D:10     | Identified the +0 hat of Quulak {rF- Regen+ Dex+2} (You
                  | acquired it on level 10 of the Dungeon)
 15670 | D:10     | Identified the amulet of Light {RegenMP MR+ Int-3 Dex+3
                  | Slay+5} (You acquired it on level 10 of the Dungeon)
 15670 | D:10     | Identified the Volume of Air and Combat Magic (You acquired
                  | it on level 10 of the Dungeon)
 16000 | D:11     | Noticed Snorg
 16006 | D:11     | Killed Snorg
 16035 | D:11     | Gained mutation: You are robust. (+10% HP) [potion of
                  | mutation]
 16035 | D:11     | Gained mutation: You have a pair of small antennae on your
                  | head. [potion of mutation]
 16035 | D:11     | Gained mutation: Your spells are a little easier to cast,
                  | but a little less powerful. [potion of mutation]
 16035 | D:11     | Gained mutation: Your flesh is cold resistant. (rC+)
                  | [potion of mutation]
 16639 | D:11     | Reached skill level 10 in Spellcasting
 16681 | D:11     | Reached XP level 14. HP: 122/122 MP: 28/28
 16793 | D:11     | Found a gate to the Vaults.
 16842 | D:11     | Paralysed by an ogre mage for 3 turns
 17111 | D:12     | Entered Level 12 of the Dungeon
 17272 | D:12     | Offered knowledge of Bolt of Magma by Vehumet.
 17701 | D:12     | Found a staircase to the Depths.
 17702 | D:12     | Noticed a fire giant
 17814 | D:12     | Learned a level 5 spell: Fireball
 17855 | D:12     | Slain by a wolf spider zombie

Skill      XL: |  1  2  3  4  5  6  7  8  9 10 11 12 13 14 |
---------------+-------------------------------------------+-----
Spellcasting   | 5 6 7 8 9 10 | 10.3
Invocations    | 1 2 3 4 5 6 7 8 9 |  9.8
Short Blades   | 1 2 3 4 5 6 7 8 9 |  9.0
Axes           | 1 2 3 4 5 6 7 8 9 |  9.0
Maces & Flails | 1 2 3 4 5 6 7 8 9 |  9.0
Polearms       | 1 2 3 4 5 6 7 8 9 |  9.0
Staves         | 1 2 3 4 5 6 7 8 9 |  9.0
Slings         | 1 2 3 4 5 6 7 8 9 |  9.0
Bows           | 1 2 3 4 5 6 7 8 9 |  9.0
Crossbows      | 1 2 3 4 5 6 7 8 9 |  9.0
Throwing       | 1 2 3 4 5 6 7 8 9 |  9.0
Armour         | 1 2 3 4 5 6 7 8 9 |  9.0
Stealth        | 1 2 3 4 5 6 7 8 9 |  9.0
Shields        | 1 2 3 4 5 6 7 8 9 |  9.0
Unarmed Combat | 1 2 3 4 5 6 7 8 9 |  9.0
Evocations     | 1 2 3 4 5 6 7 8 9 |  9.0
Conjurations   | 1 2 3 4 5 6 7 |  7.5
Hexes          | 1 2 3 4 5 6 7 |  7.5
Charms         | 1 2 3 4 5 6 7 |  7.5
Summonings     | 1 2 3 4 5 6 7 |  7.5
Necromancy     | 1 2 3 4 5 6 7 |  7.5
Translocations | 1 2 3 4 5 6 7 |  7.5
Transmutations | 1 2 3 4 5 6 7 |  7.5
Fire Magic     | 1 2 3 4 5 6 7 |  7.5
Ice Magic      | 1 2 3 4 5 6 7 |  7.5
Air Magic      | 1 2 3 4 5 6 7 |  7.5
Earth Magic    | 1 2 3 4 5 6 7 |  7.5
Poison Magic   | 1 2 3 4 5 6 7 |  7.5
Fighting       | 7 8 9 10 11 | 11.0
Long Blades    | 7 8 9 10 11 | 11.0
Dodging        | 7 8 9 10 11 | 11.0

Action                   |  1- 3 |  4- 6 |  7- 9 | 10-12 | 13-15 || total
-------------------------+-------+-------+-------+-------+-------++-------
Melee: Long sword        |   126 |   126 |   255 |    57 |       ||   564
       Bite              |     9 |    18 |    38 |    62 |    63 ||   190
       Short sword       |       |       |    23 |     8 |       ||    31
       Quarterstaff      |       |       |   121 |   311 |       ||   432
       Punch             |       |       |     1 |     3 |       ||     4
       Executioner's axe |       |       |       |    88 |    33 ||   121
       Staff             |       |       |       |    37 |     2 ||    39
       Great sword       |       |       |       |       |   433 ||   433
Throw: Tomahawk          |       |       |    15 |    12 |     6 ||    33
 Cast: Sandblast         |       |       |    53 |   254 |    69 ||   376
       Conjure Flame     |       |       |     5 |    13 |       ||    18
       Lightning Bolt    |       |       |     3 |    13 |       ||    16
       Olgreb's Toxic Ra |       |       |       |    13 |     5 ||    18
       Regeneration      |       |       |       |     5 |     3 ||     8
       Lee's Rapid Decon |       |       |       |     3 |       ||     3
       Poison Arrow      |       |       |       |    12 |    35 ||    47
       Iskenderun's Batt |       |       |       |       |     3 ||     3
       Summon Mana Viper |       |       |       |       |     2 ||     2
       Swiftness         |       |       |       |       |     1 ||     1
 Abil: Evoke Berserk Rag |       |       |       |       |     1 ||     1
       Evoke Invisibilit |       |       |       |       |     1 ||     1
  Use: Scroll            |     4 |     3 |     2 |    13 |    14 ||    36
       Potion            |       |       |       |     4 |     3 ||     7
 Stab: Sleeping          |     1 |     2 |     2 |     9 |     6 ||    20
       Confused          |       |       |     2 |     2 |       ||     4
       Petrifying        |       |       |       |     2 |       ||     2
       Distracted        |       |       |       |       |     4 ||     4
       Invisible         |       |       |       |       |     1 ||     1
  Eat: Chunk             |     3 |     7 |    13 |    20 |    21 ||    64
       Ration            |       |       |       |     3 |     5 ||     8
Armor: Steam dragon scal |    39 |    27 |    86 |   180 |   159 ||   491
Dodge: Dodged            |    87 |    21 |   199 |   488 |   624 ||  1419
Block: Other             |     4 |       |     2 |     9 |    74 ||    89
       Large shield      |    84 |    86 |   222 |       |       ||   392
